AoeStats
← Random

African Clearing

505111182Analyzed
4v4 RM · 25d ago on Sep 7, 2026· 42m 0s· 8 players
Game mode
Random Map
Map size
Large (8 player)
Population
200
Speed
Normal
Resources
Standard
Victory
Conquest
Starting age
Dark Age
Ending age
Imperial Age
RankedLock teamsTeams togetherTeam positionsShared explorationLock speedFull tech treeHidden civsTurbo modeCheats
Victory
Defeat
🇧🇷 Koreans · Brazil
1693
+13
🇧🇷 Berbers · Brazil
1679
+14
🇧🇷 Mongols · Brazil
1652
+15
🇧🇷 Vietnamese · Brazil
1591
+17
🇩🇪 Hindustanis · Germany
1666
-16
🇨🇴 Mapuche · Colombia
1629
-15
🇨🇭 Aztecs · Switzerland
1617
-14
🇺🇸 Gurjaras · United States
1608
-14
Fs.Nx Imperial
4:14 Loom
11:48 Feudal Age
12:43 Double-Bit Axe
15:13 Forging
22:52 Castle Age
23:49 Bloodlines
25:09 Scale Barding Armor
25:47 Horse Collar
26:47 Husbandry
32:30 Chain Barding Armor
34:37 Fletching
37:05 Bodkin Arrow
38:52 Bow Saw
39:37 Iron Casting
42:20 Ballistics
Fs.Costinha
8:09 Loom
14:37 Feudal Age
15:33 Double-Bit Axe
21:09 Gold Mining
21:51 Fletching
22:48 Padded Archer Armor
30:12 Castle Age
29:22 Stone Mining
30:16 Crossbowman
31:07 Bodkin Arrow
32:44 Leather Archer Armor
33:19 Bow Saw
38:36 Wheelbarrow
37:47 Town Watch
38:02 Horse Collar
39:48 Ballistics
40:12 Thumb Ring
Fs.Nicolau Mendes
11:40 Loom
13:26 Feudal Age
17:34 Castle Age
16:06 Double-Bit Axe
18:29 Bow Saw
18:59 Fletching
19:58 Bodkin Arrow
20:22 Horse Collar
32:12 Wheelbarrow
33:28 Ballistics
34:14 Hand Cart
34:01 Heavy Plow
37:54 Imperial Age
38:26 Thumb Ring
39:08 Conscription
38:14 Elite War Wagon
38:55 Bracer
39:57 Chemistry
38:38 Treadmill Crane
39:09 Masonry
40:25 Elite Fire Lancer
41:29 Pikeman
42:10 Squires
Fs.churacoRS
12:56 Feudal Age
13:07 Loom
17:59 Castle Age
17:24 Town Watch
18:04 Gold Mining
18:05 Fletching
23:02 Bodkin Arrow
27:55 Wheelbarrow
27:40 Padded Archer Armor
30:59 Horse Collar
31:08 Double-Bit Axe
33:18 Bow Saw
34:16 Ballistics
34:06 Husbandry
38:12 Bloodlines
42:13 Imperial Age
40:37 Leather Archer Armor
41:56 Masonry
Astronomical
12:48 Feudal Age
13:40 Loom
21:37 Castle Age
20:58 Double-Bit Axe
21:43 Gold Mining
22:46 Fletching
34:41 Bodkin Arrow
37:49 Padded Archer Armor
Random
10:23 Loom
12:40 Feudal Age
18:02 Castle Age
16:40 Double-Bit Axe
17:10 Horse Collar
18:12 Bloodlines
18:53 Scale Barding Armor
21:45 Town Watch
23:59 Bow Saw
23:50 Heavy Plow
27:25 Husbandry
28:46 Chain Barding Armor
32:45 Wheelbarrow
36:32 Forging
39:10 Imperial Age
38:35 Iron Casting
38:04 Fletching
40:09 Bodkin Arrow
pascal sauvage
8:57 Loom
8:59 Loom
9:26 Loom
12:17 Feudal Age
12:44 Man-at-Arms
24:38 Castle Age
23:06 Double-Bit Axe
23:01 Horse Collar
23:37 Gold Mining
24:57 Scale Mail Armor
26:00 Wheelbarrow
26:54 Bow Saw
28:44 Pikeman
29:35 Forging
31:51 Sanctity
39:47 Imperial Age
38:42 Fletching
40:50 Heavy Plow
Willox
11:51 Feudal Age
12:58 Double-Bit Axe
13:24 Loom
14:24 Horse Collar
20:55 Castle Age
20:20 Forging
20:45 Scale Barding Armor
21:37 Bloodlines
20:58 Light Cavalry
21:39 Husbandry
23:19 Bow Saw
26:06 Chain Barding Armor
27:28 Wheelbarrow
28:28 Iron Casting
31:34 Town Watch
36:24 Imperial Age
34:34 Heavy Plow
37:44 Plate Barding Armor
37:02 Heavy Camel Rider
41:07 Imperial Camel Rider
Connection lost

Rejoining the realm…

Still unreachable

The connection could not be restored.

Session expired

The server has moved on; the page needs a fresh start.